[Event "1st Bangalore GM-Open-A 2024"]
[Site "Bangalore"]
[Date "2024.01.20"]
[Round "4.34"]
[White "Dzhumaev, Marat"]
[Black "Simhadri Sai Hrushikesh"]
[Result "1-0"]
[ECO "C45"]
[WhiteElo "2362"]
[BlackElo "2050"]
[Annotator "RC"]
[PlyCount "73"]
[EventDate "2024.01.20"]
[EventType "swiss"]
[EventCountry "IND"]
[SourceTitle "playchess.com"]
[Source "ChessBase"]
[SourceQuality "1"]
[TimeControl "5400+30"]

1. e4 e5 2. Nf3 Nc6 3. d4 exd4 4. Nxd4 Qf6 5. Nb5 Bc5 6. Qe2 Bb6 7. N1c3 Nge7 8. Be3 Ba5 9. O-O-O O-O 10. Nd5 Nxd5 11. exd5 Ne5 12. d6 c6 13. Nc3 Bxc3 14. bxc3 Qe6 15. Bd4 Ng6 16. c4 Qxd6 17. Bb2 Qf4+ 18. Kb1 d5 19. cxd5 cxd5 20. Rxd5 Be6 21. Rd4 Qc7 22. Qd2 Rfd8 23. Be2 Rac8 24. Rc1 f6 25. Rxd8+ Rxd8 26. Qe3 Re8 27. Qxa7 Bd5 28. Bb5 Rc8 29. g3 Ne7 30. c4 Be4+ 31. Ka1 Nf5 32. c5 Qe7 33. g4 Nh6 34. g5 fxg5 35. c6 Nf5 36. c7 Rxc7 37. Qb8+ 1-0

[Event "1st Bangalore GM-Open-A 2024"]
[Site "Bangalore"]
[Date "2024.01.20"]
[Round "4.35"]
[White "Nayak Rajesh"]
[Black "Dushyant Sharma"]
[Result "1-0"]
[ECO "C68"]
[WhiteElo "2170"]
[BlackElo "2357"]
[Annotator "RC"]
[PlyCount "129"]
[EventDate "2024.01.20"]
[EventType "swiss"]
[EventCountry "IND"]
[SourceTitle "playchess.com"]
[Source "ChessBase"]
[SourceQuality "1"]
[TimeControl "5400+30"]

1. e4 e5 2. Nf3 Nc6 3. Nc3 Nf6 4. Bb5 Bd6 5. O-O a6 6. Bxc6 dxc6 7. d3 Bg4 8. h3 Bh5 9. Qe2 Qe7 10. Nd1 O-O-O 11. Ne3 Qd7 12. Nf5 Rhg8 13. Ng3 Bg6 14. Nh4 h6 15. Nhf5 Bxf5 16. Nxf5 Bf8 17. f4 g6 18. Ng3 Bd6 19. Kh1 Kb8 20. fxe5 Bxe5 21. Bf4 Qd6 22. Qf2 Nd7 23. Ne2 f5 24. Bxe5 Qxe5 25. exf5 gxf5 26. b3 f4 27. Nxf4 Rdf8 28. g3 h5 29. Rae1 Qg5 30. Kh2 Qg7 31. Qe3 h4 32. g4 Qc3 33. Rf2 Nf6 34. Qe5 Qb4 35. c3 Qb6 36. d4 Re8 37. Ne6 Nd5 38. Rf3 Re7 39. c4 Nb4 40. Qc5 Rge8 41. Qxb6 cxb6 42. Rf6 Kc8 43. Re5 Nd3 44. Re3 Nb4 45. a3 Nc2 46. Re4 Nxd4 47. Rxd4 Rxe6 48. Rxe6 Rxe6 49. g5 Re2+ 50. Kg1 Re3 51. Rg4 Kd7 52. g6 Re8 53. Rxh4 Rg8 54. Rg4 Ke6 55. g7 Kf7 56. Kf2 Kf6 57. Kf3 Kf7 58. Kf4 Kf6 59. Rg3 Ke6 60. h4 Kf6 61. h5 Rxg7 62. Rxg7 Kxg7 63. Ke5 c5 64. Kd6 a5 65. a4 1-0

[Event "1st Bangalore GM-Open-A 2024"]
[Site "Bangalore"]
[Date "2024.01.20"]
[Round "4.36"]
[White "Moksh Amit Doshi"]
[Black "Daaevik Wadhawan"]
[Result "1/2-1/2"]
[ECO "D87"]
[WhiteElo "2355"]
[BlackElo "1997"]
[Annotator "RC"]
[PlyCount "62"]
[EventDate "2024.01.20"]
[EventType "swiss"]
[EventCountry "IND"]
[SourceTitle "playchess.com"]
[Source "ChessBase"]
[SourceQuality "1"]
[TimeControl "5400+30"]

1. d4 Nf6 2. c4 g6 3. Nc3 d5 4. cxd5 Nxd5 5. e4 Nxc3 6. bxc3 Bg7 7. Bc4 c5 8. Ne2 Nc6 9. Be3 O-O 10. O-O b6 11. Rc1 Bb7 12. Bb5 Na5 13. d5 a6 14. Bd3 e6 15. c4 exd5 16. cxd5 Rc8 17. Qd2 Re8 18. Rfd1 Qd6 19. Bb1 Rcd8 20. Bxc5 bxc5 21. Qxa5 f5 22. f3 Bh6 23. Rc3 Bc8 24. Kh1 fxe4 25. Bxe4 Rxe4 26. fxe4 Bg4 27. Rc2 Rf8 28. Re1 Rf2 29. Nd4 Be3 30. Qxc5 Qxc5 31. Rxc5 Bxd4 1/2-1/2

[Event "1st Bangalore GM-Open-A 2024"]
[Site "Bangalore"]
[Date "2024.01.20"]
[Round "4.37"]
[White "Vrashank Chouhan"]
[Black "Jain Kashish Manoj"]
[Result "0-1"]
[ECO "D02"]
[WhiteElo "2046"]
[BlackElo "2334"]
[Annotator "RC"]
[PlyCount "104"]
[EventDate "2024.01.20"]
[EventType "swiss"]
[EventCountry "IND"]
[SourceTitle "playchess.com"]
[Source "ChessBase"]
[SourceQuality "1"]
[TimeControl "5400+30"]

1. d4 d5 2. Bf4 Nf6 3. e3 c5 4. Nf3 Nc6 5. Nbd2 Nh5 6. Be5 e6 7. c4 cxd4 8. exd4 f6 9. Bg3 g6 10. a3 Bg7 11. Be2 O-O 12. O-O Kh8 13. Rc1 Nxg3 14. hxg3 dxc4 15. Rxc4 Ne7 16. Re1 b6 17. Rc1 Nd5 18. Qb3 Bb7 19. Bb5 Rc8 20. Qa4 Rxc1 21. Rxc1 Qe7 22. Bc6 Rc8 23. Rc4 Rxc6 24. Rxc6 Qd7 25. Rc4 b5 26. Qxa7 bxc4 27. Nxc4 Bf8 28. Nfd2 Qc7 29. Nb3 Bc8 30. Qxc7 Nxc7 31. Nb6 Bb7 32. Nc5 Bc6 33. b4 e5 34. Ncd7 Bd6 35. dxe5 fxe5 36. Nb8 Bb5 37. a4 Be8 38. a5 Bb5 39. N8d7 Na6 40. Nc8 Bc7 41. Nf8 Nxb4 42. Ne6 Bd7 43. Nxc7 Bxc8 44. f4 exf4 45. gxf4 Kg8 46. Kf2 Kf7 47. g4 Na6 48. Nxa6 Bxa6 49. Ke3 Bc8 50. Kf3 Ke7 51. Kg3 h6 52. Kh4 Kf6 0-1

[Event "1st Bangalore GM-Open-A 2024"]
[Site "Bangalore"]
[Date "2024.01.20"]
[Round "4.38"]
[White "Nguyen, Duc Hoa"]
[Black "Mukund Hemant Agarwal"]
[Result "0-1"]
[ECO "B69"]
[WhiteElo "2322"]
[BlackElo "1852"]
[Annotator "RC"]
[PlyCount "130"]
[EventDate "2024.01.20"]
[EventType "swiss"]
[EventCountry "IND"]
[SourceTitle "playchess.com"]
[Source "ChessBase"]
[SourceQuality "1"]
[TimeControl "5400+30"]

1. e4 c5 2. Nf3 d6 3. d4 cxd4 4. Nxd4 Nf6 5. Nc3 Nc6 6. Bg5 e6 7. Qd2 a6 8. O-O-O Bd7 9. f4 Be7 10. Nf3 b5 11. Bxf6 gxf6 12. Kb1 Qb6 13. g3 b4 14. Ne2 h5 15. Qe1 Rc8 16. f5 e5 17. Nc1 a5 18. Rd5 Na7 19. Nd2 Nb5 20. Nc4 Qc7 21. Nb3 a4 22. Nba5 a3 23. Qxb4 axb2 24. Rxb5 d5 25. Qd2 Bxb5 26. exd5 Bxc4 27. Bxc4 O-O 28. Nc6 Kg7 29. Qe2 Rh8 30. Rd1 Bd6 31. Qe3 Ra8 32. Rd3 Ra4 33. Bb5 Rg4 34. a4 Rg5 35. c4 h4 36. g4 e4 37. Qxe4 Bxh2 38. c5 Qf4 39. Qxf4 Bxf4 40. Rh3 Rxg4 41. Kxb2 Rg2+ 42. Kc3 Rg3+ 43. Rxg3+ hxg3 44. Bf1 Rh1 45. Bg2 Rh2 46. Bf3 Rf2 47. Bh1 Rh2 48. Bf3 Rf2 49. Bh1 Rh2 50. Bf3 Be3 51. Kc4 Rf2 52. Bh1 Rf1 53. Bg2 Rc1+ 54. Kd3 Bxc5 55. Ke2 Rc2+ 56. Kf3 Bd6 57. Bh3 Rf2+ 58. Ke4 g2 59. Bxg2 Rxg2 60. a5 Ra2 61. Kd4 Bc7 62. Kc5 Bxa5 63. d6 Rc2+ 64. Kb5 Rxc6 65. Kxc6 Kh6 0-1

[Event "1st Bangalore GM-Open-A 2024"]
[Site "Bangalore"]
[Date "2024.01.20"]
[Round "4.39"]
[White "Majumder Shrayan"]
[Black "Saptarshi, Roy"]
[Result "1/2-1/2"]
[ECO "D36"]
[WhiteElo "1916"]
[BlackElo "2322"]
[Annotator "RC"]
[PlyCount "71"]
[EventDate "2024.01.20"]
[EventType "swiss"]
[EventCountry "IND"]
[SourceTitle "playchess.com"]
[Source "ChessBase"]
[SourceQuality "1"]
[TimeControl "5400+30"]

1. d4 d5 2. c4 e6 3. Nc3 Nf6 4. cxd5 exd5 5. Bg5 c6 6. e3 Be7 7. Bd3 Nbd7 8. Qc2 O-O 9. Nf3 Re8 10. O-O Nf8 11. Rab1 a5 12. a3 Ng6 13. b4 axb4 14. axb4 Ne4 15. Bxe7 Qxe7 16. Bxe4 dxe4 17. Nd2 Bf5 18. Ne2 Nh4 19. Ng3 Bg6 20. Qc5 Qf6 21. Nh5 Bxh5 22. Qxh5 g6 23. Qg4 h5 24. Qg3 Rad8 25. Rfc1 Rd5 26. Rc5 b6 27. Rxd5 cxd5 28. Rc1 Qe7 29. Nf1 Nf5 30. Qc7 Qxc7 31. Rxc7 Nd6 32. Nd2 Ra8 33. g3 Ra2 34. Rc6 Nb5 35. Nb3 Ra4 36. Rxb6 1/2-1/2

[Event "1st Bangalore GM-Open-A 2024"]
[Site "Bangalore"]
[Date "2024.01.20"]
[Round "4.40"]
[White "Sankalp Gupta"]
[Black "Deodhar, Vrushali Umesh"]
[Result "1-0"]
[ECO "C10"]
[WhiteElo "2535"]
[BlackElo "2100"]
[Annotator "TA"]
[PlyCount "53"]
[EventDate "2024.01.20"]
[EventType "swiss"]
[EventCountry "IND"]
[SourceTitle "playchess.com"]
[Source "ChessBase"]
[SourceQuality "1"]
[TimeControl "5400+30"]

1. e4 e6 2. d4 d5 3. Nc3 dxe4 4. Nxe4 Nd7 5. Nf3 Ngf6 6. Bd3 Nxe4 7. Bxe4 Nf6 8. Bg5 Be7 {[%emt 0:02:48] 8...Qd6 is vanishing.} 9. Bxf6 Bxf6 10. Qd3 Qd6 {[%emt 0:11:41] C10: French with 3 Nc3: Unusual Black 3rd moves and 3...dxe4.} 11. O-O-O (11. Bxh7 g6 12. Bxg6 fxg6 13. Qxg6+ Ke7 $17) 11... g6 12. Qe3 {[%emt 0:03:36] [#]} (12. Ne5 {looks sharper.} c5 13. Bxb7 Bxb7 14. Qb5+) 12... Qb6 $146 (12... O-O $14) ({Predecessor:} 12... Bd7 13. Ne5 Bc6 14. Bxc6+ bxc6 15. Qc3 c5 16. f4 Bxe5 17. fxe5 Qd5 18. Qxc5 Qxc5 19. dxc5 {1-0 Sobolevsky,L (2358)-Kottwitz,D (2041) Jena Fair op 2005 (2)}) 13. Rd3 Bg7 14. Rb3 Qa5 ({Black should try} 14... Qd6 $14) 15. Kb1 $16 ({Stronger than} 15. Bxb7 Bxb7 16. Rxb7 Qxa2 $15) 15... Rb8 {[%emt 0:00:51] [#]} (15... O-O $16) 16. Ne5 $1 $18 Bxe5 (16... Ra8 17. Rd1) 17. dxe5 O-O $2 (17... b6 18. Ra3 Qb5 19. Rxa7 O-O) 18. Qf4 Qc5 19. Qf6 $2 (19. h4 $18 {is more deadly. h5 is the strong threat.} Qe7 20. Qh6) 19... Qd4 $16 20. Qf4 {[%emt 0:10:22] White is much more active. The black rooks are badly placed.} ({White should play} 20. f3 $16 {Black must now prevent Rd3.} Qd8 21. Rd3 Qxf6 22. exf6) 20... f5 $2 (20... Qc5 $1 $11) 21. exf6 {[%emt 0:00:22][%mdl 64] Discovered Attack} Qd6 (21... Qxf6 22. Qxc7 Qf4 23. Qxf4 Rxf4) 22. Qg5 $18 {[%emt 0:01:08][%cal Oe4g6] Threatening mate with Bxg6!} e5 23. Rf3 {[%emt 0:00:35][%cal Oe4g6,Bb3f3,Bf3d3,Bd3d8][%mdl 32] Intending Bxg6! and mate.} Rf7 24. h4 {[%emt 0:01:41] And now h5 would win.} ({Not} 24. Rd3 Qxf6 25. Rd8+ Kg7 $16) 24... Qd4 25. Rd3 Qxe4 26. Rd8+ Rf8 {[%emt 0:00:00] [#]} 27. Qh6 $1 {[%emt 0:00:15][%mdl 64] Double Attack.   Weighted Error Value: White=0.54/Black=0.99} 1-0

[Event "1st Bangalore GM-Open-A 2024"]
[Site "Bangalore"]
[Date "2024.01.21"]
[Round "5.1"]
[White "Pranav Anand"]
[Black "Neelash Saha"]
[Result "1/2-1/2"]
[ECO "C43"]
[WhiteElo "2513"]
[BlackElo "2446"]
[Annotator "TA"]
[PlyCount "76"]
[EventDate "2024.01.20"]
[EventType "swiss"]
[EventCountry "IND"]
[SourceTitle "playchess.com"]
[Source "ChessBase"]
[SourceQuality "1"]
[TimeControl "5400+30"]

1. e4 e5 2. Nf3 Nf6 3. d4 Nxe4 4. Bd3 Nc6 5. Nxe5 Nxe5 6. dxe5 Nc5 7. Bc4 d6 8. Qf3 {[%emt 0:00:13][%csl Gc4][%cal Rf3f7] White is slightly better.} Ne6 9. exd6 Bxd6 10. Be3 Qe7 11. Nc3 (11. Nd2 $5) 11... Nd4 {[%emt 0:00:12] [#]} 12. Qxf7+ Qxf7 13. Bxf7+ Kxf7 14. Bxd4 Re8+ 15. Be3 b6 16. Nb5 Be5 17. O-O-O a6 18. Nd4 Bb7 19. Nf3 Bxf3 20. gxf3 Rad8 21. c3 Ke6 22. Rde1 Kf5 23. Kc2 g6 24. a4 Rd7 {[%emt 0:11:00] [#]} 25. a5 $1 b5 (25... Bf4 26. axb6) 26. h3 Bd6 27. Rhg1 Rf7 28. Rg4 Ke6 29. f4 (29. Bf4+ $14 Kd7 30. Rxe8 Kxe8 31. Bxd6 cxd6 32. f4) 29... Kd7 $11 {[%emt 0:01:02] The position is equal.} 30. Rd1 Kc6 31. Kd3 Re6 32. b4 h5 33. Rg3 Bxf4 34. Rf3 Rd7+ 35. Bd4 Bh6 36. Rg1 Bg7 37. Re3 Red6 38. Re4 Bxd4 {[%emt 0:03:05] Weighted Error Value: White=0.10 (very precise) /Black=0.07 (flawless)} 1/2-1/2

[Event "1st Bangalore GM-Open-A 2024"]
[Site "Bangalore"]
[Date "2024.01.21"]
[Round "5.2"]
[White "Gupta, Abhijeet"]
[Black "Nitish Belurkar"]
[Result "1-0"]
[ECO "D32"]
[WhiteElo "2605"]
[BlackElo "2435"]
[Annotator "TA"]
[PlyCount "215"]
[EventDate "2024.01.20"]
[EventType "swiss"]
[EventCountry "IND"]
[SourceTitle "playchess.com"]
[Source "ChessBase"]
[SourceQuality "1"]
[TimeControl "5400+30"]

1. Nf3 d5 2. c4 e6 3. e3 c5 4. cxd5 exd5 5. d4 Nf6 6. Nc3 Nc6 7. Bb5 cxd4 8. Nxd4 Bd7 9. O-O Bd6 10. Nf3 Bg4 11. h3 (11. Nxd5 $2 Nxd5 12. h3 Bxf3 13. Qxf3 O-O $19) 11... Bh5 {[%emt 0:00:09] The position is equal.} 12. Be2 (12. Nxd5 $2 Nxd5 13. e4 (13. Qxd5 $2 Bh2+ {[%mdl 64] Discovered Attack} 14. Nxh2 Qxd5 $19) (13. g4 $2 Bg6 $19) 13... Nde7 $19) 12... O-O 13. b3 (13. Nxd5 $2 Nxd5 14. Qb3 Qd7 $19) 13... Rc8 14. Bb2 (14. Nxd5 $2 Nxd5 15. Bb2 Re8 $19) 14... Bb8 15. Rc1 (15. Nh4 $5 Qd6 16. g3 Bxe2 17. Nxe2 $11) 15... a6 16. Nh4 Qd6 17. g3 $1 Bg6 18. Nxg6 hxg6 19. Bf3 Rfd8 20. Bg2 Qe6 21. Ne2 Be5 22. Nf4 Qe7 23. Bxe5 (23. Nxd5 $2 Nxd5 24. Qe2 Bxb2 25. Qxb2 Rd6 $19) 23... Qxe5 24. Rc5 Qd6 25. Qc1 Ne7 26. Rxc8 Rxc8 27. Qd2 Rc5 {[%emt 0:06:20] [#]} 28. e4 $1 Qe5 (28... Qc7 29. Nxd5) 29. exd5 {[%emt 0:04:30] d6 is the strong threat.} Nf5 30. Rd1 {[%emt 0:07:21] Hoping for Nd3.} Rc7 31. Re1 Qc3 32. Qxc3 Rxc3 33. g4 Nd6 34. g5 Nd7 35. Re7 Nb6 36. Re3 Rc1+ 37. Kh2 Kf8 38. Re2 Rd1 39. Rc2 Rd4 40. Ne2 Rd3 41. Nc3 Ke7 42. Ne4 {[%emt 0:05:46] next Nc5 is good for White.} Nxd5 (42... Rxd5 43. Nxd6 Rxd6 44. Bxb7 $16) 43. Nc5 Rd4 44. Re2+ Kd8 {[%emt 0:02:37] [#]} 45. Re6 Kc7 ({Don't take} 45... fxe6 46. Nxe6+ Ke7 47. Nxd4 $16) 46. Re5 Nb6 (46... Nf4 $1 $11 {and Black has nothing to worry.}) 47. a4 $2 (47. Re7+ $18 Kd8 48. Rxf7 {[%mdl 64] Remove Defender} (48. Nxb7+ $2 {loses.} Kxe7 49. Na5 Rd2 $19) 48... Nxf7 49. Ne6+ (49. Nxb7+ $2 {is the wrong capture.} Ke7 $19) 49... Kc8 50. Nxd4) 47... Nbc8 $11 48. Bf3 a5 49. Re3 b6 50. Na6+ Kd8 51. Rc3 Rd2 52. Kg2 Nf5 53. Kf1 Ncd6 54. Nb8 Rb2 55. Nc6+ Ke8 56. Rd3 f6 57. Bd5 Rc2 58. Rd1 Kd7 59. Nd4 Nxd4 60. Rxd4 fxg5 {[%emt 0:00:58][%mdl 4096] Endgame KRB-KRN} 61. Rd3 {[%emt 0:00:11] Prevents Rc3} Rc5 62. Be4 Ke7 63. Bxg6 b5 64. Bh5 bxa4 65. bxa4 Rf5 66. Re3+ Kf6 67. Bg4 Re5 68. Rf3+ Ke7 69. Rc3 g6 70. Rc7+ Kf6 71. Rc6 Ke7 72. Ra6 Rc5 73. Kg2 Re5 74. Kf3 Rc5 (74... Nf5 $11) 75. Ke3 $14 Re5+ $2 {[%emt 0:00:05][%mdl 8192] [#] White now steadily converts the win.} (75... Rd5 $14) 76. Kd4 $1 $18 Re1 77. Rxa5 Rf1 78. Rxg5 Rxf2 79. Rxg6 {[%emt 0:00:08] aiming for Re6+.} Rd2+ 80. Kc3 Ne4+ 81. Kb3 {[%emt 0:00:05] Re6+ would be deadly.} Kf7 $2 (81... Nc5+ 82. Kb4 Rc2) 82. Rc6 Rd3+ 83. Kb4 Rd2 84. a5 Rb2+ 85. Ka3 Rb1 86. Be6+ Ke7 87. Bf5 Rb5 88. Bxe4 {[%emt 0:00:07] Intending a6 and mate.} Rxa5+ {[%emt 0:00:02] KRB-KR} 89. Kb2 Rh5 90. Rc3 Kf6 91. Bg2 Rf5 92. Bf3 Kg5 93. Bg4 Rd5 94. Kb3 Kh4 95. Kc4 Rd6 96. Kc5 Rd8 97. Ra3 Kg5 98. Ra7 Kh4 99. Rh7+ Kg5 100. Bd7 Rf8 101. Kd6 Kf6 102. Rh4 Ra8 103. Rf4+ Kg5 104. Rg4+ Kh5 105. Ke7 (105. Bf5 $142 Ra3 106. Rd4 Re3 107. h4 Re1 108. Be6 Kg6 109. Rf4 Kh5 110. Bd5) 105... Ra3 106. Kf6 {[%emt 0:00:50] White mates.} Rf3+ 107. Bf5 Rf1 108. Rg8 {[%emt 0:00:50] Weighted Error Value: White=0.08 (flawless) /Black=0.10 (very precise)} 1-0

[Event "1st Bangalore GM-Open-A 2024"]
[Site "Bangalore"]
[Date "2024.01.21"]
[Round "5.3"]
[White "Ilamparthi A R"]
[Black "Sethuraman, S.P."]
[Result "1/2-1/2"]
[ECO "B88"]
[WhiteElo "2426"]
[BlackElo "2594"]
[Annotator "TA"]
[PlyCount "117"]
[EventDate "2024.01.20"]
[EventType "swiss"]
[EventCountry "IND"]
[SourceTitle "playchess.com"]
[Source "ChessBase"]
[SourceQuality "1"]
[TimeControl "5400+30"]

1. e4 c5 2. Nf3 d6 3. d4 cxd4 4. Nxd4 Nf6 5. Nc3 a6 6. Bc4 e6 7. a4 Be7 8. O-O Nc6 9. Be3 O-O 10. Qe2 {[%emt 0:02:08] 10.Kh1 is vanishing.} Bd7 11. Nxc6 {[%emt 0:09:02] B88: Sicilian: Sozin Attack.} Bxc6 12. a5 {[%emt 0:02:07] [#]} Qb8 $146 ({Don't do} 12... Bxe4 13. Nxe4 (13. Bb6 Qe8 $16) 13... Nxe4 14. Bb6 $16) ({Predecessor:} 12... Nxe4 13. Nxe4 d5 14. Bb6 Qc8 15. Bd3 dxe4 16. Bxe4 Bb5 17. Bd3 Bxd3 18. Qxd3 Bc5 19. Bxc5 Qxc5 20. Rfd1 Qc7 21. Qe4 Rad8 22. g3 g6 23. c4 Rd6 24. Rxd6 Qxd6 25. Qxb7 Rb8 {½-½ Aravindh,C (2646)-Ter Sahakyan,S (2643) Sant Boi de Llobregat op 4th 2023 (7)}) 13. Bd4 {[%emt 0:09:23] White has an edge.} Nd7 14. Rfd1 Bf6 15. Qe3 Qc7 16. Bb3 Rac8 17. Bxf6 Nxf6 18. Qd4 Rfd8 19. Qb4 Be8 20. h3 Bc6 21. Rd3 Qe7 22. Rad1 Ne8 23. Ba4 {[%emt 0:09:30] White is much more active. The black rooks are badly placed.} (23. Na4 $16) 23... Qc7 24. Bxc6 Qxc6 25. e5 d5 {[%emt 0:00:39] Black is weak on the dark squares} 26. Rf3 (26. R1d2 $11) 26... Qc7 27. Qf4 Qe7 28. Rd4 {[%emt 0:04:52] Dodges Rc4} Rc5 29. b4 Rc6 30. Qg3 Qc7 31. Rdf4 (31. Na4 $1 $11 {remains equal.}) 31... Rd7 $17 32. Rg4 Rc4 33. Na4 Rxc2 34. Nc5 Re7 35. Rc3 {[%emt 0:01:10] [#]} Rxc3 36. Qxc3 b6 37. axb6 Qxb6 38. Qa3 Ra7 39. Rg3 Qb5 40. Qa5 Qxa5 41. bxa5 {[%emt 0:00:01][%mdl 4096] Endgame [#] KRN-KRN} Rc7 $1 42. Nxa6 Ra7 43. Nc5 Rxa5 44. Nd7 h6 45. h4 Kh7 46. Rf3 Kg8 47. Rg3 $1 Ra1+ 48. Kh2 Ra7 (48... h5 $17 49. Nf6+ Nxf6 50. exf6 g6) 49. Nf6+ $1 $15 Nxf6 50. exf6 {[%emt 0:00:03] KR-KR} g6 {[%emt 0:00:03] White must now prevent ...Ra4.} 51. Rb3 Ra4 52. Rb8+ Kh7 53. g3 {[%emt 0:00:30] The position is equal.} Ra7 54. Rd8 g5 {[%emt 0:00:32] aiming for ...Kg6.} 55. h5 g4 56. Kg2 Rc7 57. Kf1 Rc1+ 58. Kg2 $1 Rc7 59. Kf1 {[%emt 0:00:03] Weighted Error Value: White=0.09 (flawless) /Black=0.11 (very precise)} 1/2-1/2

[Event "1st Bangalore GM-Open-A 2024"]
[Site "Bangalore"]
[Date "2024.01.21"]
[Round "5.4"]
[White "Aronyak Ghosh"]
[Black "Deepan Chakkravarthy J."]
[Result "1/2-1/2"]
[ECO "A20"]
[WhiteElo "2541"]
[BlackElo "2422"]
[Annotator "TA"]
[PlyCount "67"]
[EventDate "2024.01.20"]
[EventType "swiss"]
[EventCountry "IND"]
[SourceTitle "playchess.com"]
[Source "ChessBase"]
[SourceQuality "1"]
[TimeControl "5400+30"]

1. c4 e5 2. g3 g6 3. d4 Nc6 4. dxe5 Nxe5 5. Nf3 Nxf3+ (5... Nxc4 $2 6. Qd4 Nf6 7. Qxc4 $18) 6. exf3 Bg7 7. Nc3 d6 8. Bg2 Nf6 9. O-O O-O 10. Qb3 Be6 11. Be3 b6 (11... c6 $5 ) 12. f4 Rb8 13. Qa4 (13. Nb5 $5 ) 13... Nd7 14. Nb5 Bxb2 15. Rab1 Bf6 16. Qxa7 Bxc4 17. Nxc7 Bxf1 18. Kxf1 Kh8 19. Nd5 (19. Bf3 $11) 19... Ra8 $15 {[%emt 0:03:56][%mdl 64] [#] Deflection} 20. Qb7 {[%emt 0:00:12] aiming for Nxf6.} Nc5 (20... Rxa2 $15 21. Qc6 Bg7) 21. Qxb6 $11 Bg7 ({Resist} 21... Rxa2 22. Bxc5 dxc5 23. Qxf6+ (23. Nxf6 $2 {is the wrong capture.} Ra1 $19) 23... Qxf6 24. Nxf6 $16) 22. Qxd8 Rfxd8 23. Nb4 Rab8 24. a3 Bc3 25. Rd1 {[%emt 0:01:37] [#] Black must now prevent Nc6.} Bxb4 26. axb4 Na6 27. Bd4+ Kg8 28. Bf6 {[%emt 0:01:12] Against Rxb4. Strongly threatening b5. This pair of bishops is nice.} Rdc8 {[%emt 0:08:17] Prevents b5.} 29. Rxd6 Rc1+ 30. Ke2 Nxb4 31. Be4 Rc4 32. Kf3 Rbc8 (32... Re8 $5 33. Bb7 Rc7 $11) 33. h4 R4c5 34. Rd7 {[%emt 0:00:29] Weighted Error Value: White=0.10 (very precise) /Black=0.08 (flawless)} 1/2-1/2

[Event "1st Bangalore GM-Open-A 2024"]
[Site "Bangalore"]
[Date "2024.01.21"]
[Round "5.5"]
[White "Iniyan, Pa"]
[Black "Audi Ameya"]
[Result "1/2-1/2"]
[ECO "D97"]
[WhiteElo "2515"]
[BlackElo "2385"]
[Annotator "TA"]
[PlyCount "63"]
[EventDate "2024.01.20"]
[EventType "swiss"]
[EventCountry "IND"]
[SourceTitle "playchess.com"]
[Source "ChessBase"]
[SourceQuality "1"]
[TimeControl "5400+30"]

1. d4 Nf6 2. c4 g6 3. Nc3 d5 4. Nf3 Bg7 5. Qb3 dxc4 6. Qxc4 O-O 7. e4 a6 8. a4 {[%emt 0:07:33] [#]} (8. Qa4 $11 {keeps the balance.}) 8... b5 $1 $17 9. Qb3 {[%emt 0:02:52] [#]} (9. axb5 $2 axb5 10. Rxa8 bxc4 $19) (9. Qc5 Bb7) 9... c5 $1 10. e5 (10. dxc5 $6 Be6 11. Qa3 b4 12. Qxb4 Nc6 $11) 10... cxd4 (10... Ng4 $17 11. dxc5 Be6) 11. exf6 $11 exf6 {[%emt 0:00:03] White must now prevent ...Be6.} 12. Ne2 {[%emt 0:02:01] [#]} (12. Nxd4 $1 $11 Qxd4 13. axb5) 12... Re8 $1 $17 13. axb5 Bb7 (13... d3 14. Be3 dxe2 15. Bxe2 $14) 14. Kd1 (14. h4 $17) 14... Nd7 $19 15. Nf4 $2 (15. Nexd4 Ne5 16. Nxe5 (16. bxa6 $2 Nxf3 {[%mdl 64] Pin} 17. Be3 Nxd4 $19) 16... fxe5 17. bxa6 Qxd4+ 18. Ke1 Bd5 $17) (15. Nfxd4 Nc5 16. Qc2 Rxe2 17. Bxe2 (17. Qxc5 $2 Re4 $19) 17... f5 18. bxa6 (18. Qxc5 $2 Bxd4 $19) 18... Bxd4 $11) (15. bxa6 $17 Nc5 16. Qc4 (16. axb7 $2 Rxa1 17. b8=Q Qxb8 $19) 16... Bxa6 17. Rxa6 (17. Qxc5 $2 Bxe2+ {[%mdl 64] Discovered Attack} 18. Bxe2 Rxa1 $19) 17... Nxa6 18. Nf4 (18. Nfxd4 $2 f5 $19) (18. Qxd4 $2 Nb4 $19)) 15... Nc5 16. Qc2 (16. Qb4 Ne4 17. Nd3 (17. Qxd4 $2 Nxf2+ 18. Kc2 Qc8+ 19. Kb3 Nxh1 $19)) 16... Rc8 17. bxa6 Be4 18. Qc4 Ne6 $2 (18... Bh6 $19 {has better winning chances.} 19. a7 (19. Qxd4 Bxf3+ 20. Kc2 Qxd4 21. Bd2 Na4+ 22. Kb3 Qxb2+ 23. Kxa4 Bc6+ 24. Ka5 Re5+) (19. Nxd4 $2 Nb3 $19 {[%mdl 64] Pin}) 19... Bxf4 20. Bxf4 Ne6) 19. Qa4 $2 {[%emt 0:05:46] [#]} ({Don't go for} 19. Nxe6 $2 Rxc4 20. Bxc4 (20. Nxd8 Bc2+ 21. Kd2 Bh6+) 20... fxe6 $19) (19. Qb3 $17 {was forced.} Bc2+ 20. Qxc2 Rxc2 21. Kxc2 Qc7+ 22. Kb1 Nxf4 23. Bxf4 Qxf4 24. Bd3) 19... Bc2+ $2 (19... Nxf4 $1 $19 {is more deadly.} 20. Bxf4 Qd5) 20. Qxc2 $17 Rxc2 21. Kxc2 {[%emt 0:00:09] Nxe6 would be deadly.} Qc7+ 22. Kb1 {[%emt 0:09:18] Strongly threatening Nxe6.} Nxf4 23. Bxf4 Qxf4 24. Bd3 {[%emt 0:00:09] Prevents Qf5.} Bf8 25. Rc1 f5 (25... Qg4 $17 26. Rg1 Rb8) 26. Ra4 $36 {[%emt 0:00:37][%mdl 2048] aiming for a7. White fights for an advantage. The position is equal.} Qg4 27. Bb5 Ra8 28. Nxd4 (28. Bc6 $5 Ra7 $8 29. Nxd4 $11 (29. Rxd4 Qxg2 30. Bb7 Qxf2 $17)) 28... Qe4+ (28... Qxg2 $2 29. Bc6 $18) 29. Ka2 {[%emt 0:01:33] Rcc4 is the strong threat.} Bg7 (29... Qxg2 $2 30. Bc6 $18) 30. Bc6 {[%emt 0:03:05] Dancing on a razor blade.} Rxa6 $1 {[%emt 0:00:09][%mdl 64] Deflection} 31. Bxe4 Rxa4+ 32. Kb3 {[%emt 0:00:07] Black had all chances to win. An exciting game.   Weighted Error Value: White=0.52/Black=0.24 (precise)} 1/2-1/2